 Dungeon Crawl Stone Soup version 0.27-a0-343-gfcad680f63 (webtiles) character file.

Game seed: 5108741256353972527

1208 jestyr24 the Slasher (level 8, 71/73 HPs)
             Began as a Minotaur Berserker on Feb 15, 2021.
             Was a Believer of Trog.
             Quit the game on level 6 of the Dungeon.
             The game lasted 00:12:37 (3957 turns).

jestyr24 the Slasher (Minotaur Berserker)           Turns: 3957, Time: 00:12:37

Health: 71/73      AC:  7    Str: 25    XL:     8   Next: 21%
Magic:  6/7        EV: 12    Int:  4    God:    Trog [**....]
Gold:   226        SH:  0    Dex:  9    Spells: 7/7 levels left

rFire    . . .     SeeInvis .   r - +2 short sword (protect)
rCold    . . .     Faith    .   (no shield)
rNeg     . . .     Spirit   +   q - +0 ring mail
rPois    .         Reflect  .   (helmet restricted)
rElec    .         Harm     .   n - +0 cloak
rCorr    .         Rampage  .   (no gloves)
Will     .....                  (no boots)
Stlth    +.........             v - amulet of guardian spirit
HPRegen  0.22/turn              (no ring)
MPRegen  0.10/turn              (no ring)

@: berserk cooldown, slowed, very slow
A: retaliatory headbutt, horns 2
a: Renounce Religion, Berserk, Trog's Hand


You were on level 6 of the Dungeon.
You worshipped Trog.
Trog was pleased with you.
You visited 1 branch of the dungeon, and saw 5 of its levels.

You collected 226 gold pieces.

Inventory:

Hand Weapons
 a - a +0 falchion
 b - a -3 executioner's axe
 r - a +2 short sword of protection (weapon)
Missiles
 c - 148 stones
 o - 23 poisoned darts
Armour
 n - a +0 cloak (worn)
 q - a +0 ring mail (worn)
Jewellery
 v - an amulet of guardian spirit (around neck)
Wands
 u - a wand of polymorph (9)
Scrolls
 d - 3 scrolls of identify {unknown}
 h - 2 scrolls of enchant weapon {unknown}
 j - a scroll of magic mapping {unknown}
 l - a scroll of immolation {unknown}
 m - a scroll of blinking {unknown}
 p - 2 scrolls of teleportation {unknown}
 w - a scroll of fear {unknown}
Potions
 e - 2 potions of resistance {unknown}
 f - a potion of might {unknown}
 i - 4 potions of curing {unknown}
 k - 2 potions of magic {unknown}
 s - 2 potions of attraction {unknown}
 t - a potion of brilliance {unknown}


   Skills:
 + Level 7.0 Fighting
 + Level 1.1(4.2) Short Blades
 + Level 7.2(7.3) Long Blades
 + Level 6.1 Armour
 + Level 4.5 Dodging
 * Level 2.1 Stealth


You had 7 spell levels left.
You didn't know any spells.
Your spell library was empty.

Dungeon Overview and Level Annotations

Branches:
Dungeon (6/15)
 Temple: D:4-7

Altars:
Ashenzari
Okawaru
Ru
Trog


Innate Abilities, Weirdness & Mutations

You reflexively headbutt those who attack you in melee.
You have a pair of horns on your head.


Message History

You puncture Lorrdernie's ghost!
You destroy Lorrdernie's ghost!
Trog accepts your kill. The leopard gecko closely misses you.
Your base Short Blades skill increases to level 1!
Your Long Blades skill increases to level 7!
Your Armour skill increases to level 6!
Your Dodging skill increases to level 4!
You have reached level 8!
You feel stronger.
You puncture the leopard gecko!
You kill the leopard gecko!
Trog accepts your kill. The howler monkey misses you.
You barely miss the howler monkey. The howler monkey hits you.
You puncture the howler monkey!
The howler monkey is heavily wounded.
You closely miss the howler monkey. You headbutt the howler monkey!
The howler monkey is almost dead.
The howler monkey barely misses you. You furiously retaliate!
You headbutt the howler monkey!
You kill the howler monkey!
Trog accepts your kill.
Your Fighting skill increases to level 7!
Unknown command.
Calm down first, please.
Your library has no spells.
Unknown command.
Your library has no spells.
Unknown command.
Unknown command.
Unknown command.
Unknown command.
Unknown command.
You feel a strong urge to attack something.
You are no longer berserk.
You are exhausted.
You feel yourself slow down.
Unknown command.
Are you sure you want to abandon this character and quit the game? (Confirm with "yes".)

#### #..###
###############....##
#.....#...@...#.##..####
#(...♣#.......#.###....##
#..(..'.......#.# #.....#
#(....'.........# ##....#
#...(.'........##
#....### #.(...#.....#..#
####..†. #.(..(#††.....##
#.#.. #######...#...#
#..#. #.........#...#
#......


There were no monsters in sight!

Vanquished Creatures
  The ghost of Lorrdernie the Carver, a novice MiGl of Trog (D:6)
  4 scorpions (D:4)
  2 howler monkeys
  2 hounds
  A bullfrog skeleton (D:4)
  An orc priest (D:4)
  2 centaur skeletons
  2 iguanas (D:5)
  2 worker ants (D:4)
  A worker ant zombie (D:6)
  5 adders
  3 oozes
  An adder skeleton (D:4)
  2 dart slugs (D:1)
  4 leopard geckos
  3 orcs
  4 giant cockroaches
  A goblin (D:1)
  2 hobgoblins (D:1)
  8 jackals (D:4)
  A ball python (D:4)
  6 bats
  4 frilled lizards (D:1)
  3 kobolds (D:1)
  A quokka zombie (D:6)
  2 rats (D:1)
68 creatures vanquished.

Vanquished Creatures (others)
  18 fungi (D:4)
18 creatures vanquished.

Grand Total: 86 creatures vanquished

Notes
Turn   | Place    | Note
-------+----------+-------------------------------------------
     0 | D:1      | jestyr24 the Minotaur Berserker began the quest for the
                  | Orb.
     0 | D:1      | Reached XP level 1. HP: 19/19 MP: 0/0
   143 | D:1      | Reached XP level 2. HP: 21/27 MP: 1/1
   745 | D:2      | You fall into a shaft and drop 2 floors!
   751 | D:4      | Reached XP level 3. HP: 33/33 MP: 2/2
   768 | D:4      | Found a broken altar of Ashenzari.
   772 | D:4      | Saw a vision of the Swamp and the Snake Pit.
   772 | D:4      | Noticed a vampire mosquito
   772 | D:4      | Noticed a vampire mosquito
   772 | D:4      | Noticed a vampire mosquito
   772 | D:4      | Noticed a vampire mosquito
   772 | D:4      | Noticed a vampire mosquito
   772 | D:4      | Noticed a swamp drake
   772 | D:4      | Noticed a naga
   772 | D:4      | Noticed a naga mage
   772 | D:4      | Noticed a black mamba
   772 | D:4      | Noticed a naga mage
   772 | D:4      | Noticed an anaconda
   772 | D:4      | Noticed a naga
   772 | D:4      | Noticed a vampire mosquito
   772 | D:4      | Noticed a black mamba
   772 | D:4      | Noticed a goliath frog
   773 | D:4      | Noticed a vampire mosquito
   774 | D:4      | Noticed a naga
   862 | D:4      | Reached ** piety under Trog
   863 | D:4      | Reached XP level 4. HP: 34/41 MP: 3/3
   948 | D:4      | Reached skill level 1 in Stealth
  1337 | D:4      | Reached XP level 5. HP: 12/47 MP: 4/4
  1767 | D:4      | Reached skill level 5 in Fighting
  1779 | D:4      | Reached skill level 5 in Long Blades
  2133 | D:4      | Reached XP level 6. HP: 52/56 MP: 5/5
  2590 | D:5      | Entered Level 5 of the Dungeon
  2817 | D:5      | Found a sacrificial altar of Ru.
  2822 | D:5      | Found a bloodstained altar of Trog.
  2825 | D:5      | Found an iron altar of Okawaru.
  3077 | D:5      | Reached XP level 7. HP: 50/63 MP: 6/6
  3572 | D:5      | Reached skill level 5 in Armour
  3924 | D:6      | Found a runed translucent gate.
  3924 | D:6      | Found a runed translucent gate.
  3924 | D:6      | Found a runed translucent gate.
  3930 | D:6      | Noticed Lorrdernie's ghost (novice MiGl)
  3947 | D:6      | Killed Lorrdernie's ghost
  3948 | D:6      | Reached skill level 1 in Short Blades
  3948 | D:6      | Reached XP level 8. HP: 71/71 MP: 7/7
  3957 | D:6      | Quit the game

Illustrated notes

Levels and vault maps discovered:
D:1:      minmay_arrival_shattered_statue, layout_basic,
          hangedman_feature_mirror
D:2:      wad_river_or_something, layout_loops_ring, grunt_decor_clamped,
          uniq_natasha, uniq_crazy_yiuf_cottage
D:4:      old_forge, layout_basic, minmay_misc_feat_four_crosses,
          grunt_ashenzari_visionary [grunt_ashenzari_visionary_swamp,
          grunt_ashenzari_visionary_snake]
D:5:      layout_basic, grunt_temple_overflow_diamond,
          amcnicky_mini_corridor_feature, kennysheep_big_empty_room
D:6:      layout_rooms, minmay_temple_entry_from_below_a,
          ebering_ghost_rock_garden, grunt_dithmenos_smoke_and_mirrors

Skill      XL: |  1  2  3  4  5  6  7  8 |
---------------+-------------------------+-----
Fighting       | 4 5 6 7 |  7.0
Long Blades    | 4 5 7 |  7.2
Armour         | 3 4 6 |  6.1
Stealth        | 1 2 |  2.1
Dodging        | 3 4 |  4.5
Short Blades   | 1 |  1.1

Action                   |  1- 3 |  4- 6 |  7- 9 || total
-------------------------+-------+-------+-------++-------
Melee: Falchion          |    41 |   111 |    10 ||   162
       Headbutt          |     5 |    19 |     8 ||    32
       Short sword       |       |       |    24 ||    24
Invok: Berserk           |     1 |     1 |     1 ||     3
Armor: Animal skin       |     2 |       |       ||     2
       Ring mail         |     6 |    38 |     6 ||    50
Dodge: Dodged            |    32 |    63 |    23 ||   118
       Rpst.: Falchion   |     9 |    14 |     1 ||    24

Table legend: (Time is in decaauts)
 A = Elapsed time spent in this place.
 B = Non-inter-level travel time spent in this place.
 C = Inter-level travel time spent in this place.
 D = Time resting spent in this place.
 E = Time spent auto-exploring this place.
 F = Levels seen in this place.
 G = Mean time per level.
                   A        B        C        D        E       F      G
               +--------+--------+--------+--------+--------+-----+--------+
         Total |   3983 |   3809 |    174 |    894 |   1943 |   5 |  796.6 |
       Dungeon |   3983 |   3809 |    174 |    894 |   1943 |   5 |  796.6 |
               +--------+--------+--------+--------+--------+-----+--------+

Top non-repeatable levels by time:
     D:4: 1850 daAuts
     D:5: 1293 daAuts
     D:1: 748 daAuts
     D:6: 79 daAuts
     D:2: 11 daAuts
